 Dungeon Crawl Stone Soup version 0.26-a0-651-gb41185065b (webtiles) character file.

Game seed: 6632907957096526433

(classic levelgen) 35 EnegeticOcto the Sneak (level 3, 29/33 HPs)
             Began as a Deep Dwarf Delver on Oct 24, 2020.
             Quit the game on level 6 of the Dungeon.
             The game lasted 00:00:53 (164 turns).

EnegeticOcto the Sneak (Deep Dwarf Delver)           Turns: 164, Time: 00:00:53

Health: 29/33      AC:  4    Str: 15    XL:     3   Next: 16%
Magic:  2/2        EV: 12    Int: 11    God:
Gold:   30         SH:  0    Dex: 14    Spells: 2/2 levels left

rFire    . . .     SeeInvis .   a - +0 hand axe
rCold    . . .     Faith    .   (no shield)
rNeg     . . .     Spirit   .   b - +0 leather armour
rPois    .         Reflect  .   i - +0 helmet
rElec    .         Harm     .   (no cloak)
rCorr    .         Rampage  .   (no gloves)
MR       .....                  (no boots)
Stlth    +++.......             (no amulet)
HPRegen  0.00/turn              (no ring)
MPRegen  0.08/turn              (no ring)

@: non-regenerating
A: damage resistance, heal wounds, sense surroundings 1, no regeneration
a: Heal Wounds


You were on level 6 of the Dungeon.
You visited 1 branch of the dungeon, and saw 3 of its levels.

You collected 30 gold pieces.

Inventory:

Hand Weapons
 a - a +0 hand axe (weapon)
Armour
 b - a +0 leather armour (worn)
 i - a +0 helmet (worn)
Wands
 g - a wand of digging (3) {@v3}
Scrolls
 c - a scroll of fog
 e - a scroll of fear
 h - a scroll of immolation {unknown}
 j - 2 scrolls of identify {unknown}
Potions
 f - a potion of haste {@q4}
 k - a potion of brilliance {unknown}


   Skills:
 - Level 2.7 Fighting
 + Level 4.0 Axes
 - Level 2.2 Dodging
 - Level 6.0 Stealth


You had 2 spell levels left.
You didn't know any spells.
Your spell library was empty.

Dungeon Overview and Level Annotations

Branches:
Dungeon (6/15)
 Temple: D:4-7

Altars:


Innate Abilities, Weirdness & Mutations

You are resistant to damage.
You can heal yourself by infusing magical energy.
You passively map a small area around you.
You do not regenerate.


Message History

Found a scroll labeled DYVEAM LUEGG.
Found 9 gold pieces.
You see here a helmet.
You start putting on your armour.
You continue putting on your helmet. x4
You finish putting on your +0 helmet.
You completely miss the dart slug. The dart slug barely misses you.
You hit the dart slug.
The dart slug is lightly wounded.
You hit the dart slug.
The dart slug is severely wounded.
The dart slug bites you but does no damage.
You hit the dart slug.
The dart slug is almost dead.
The dart slug bites you but does no damage.
You hit the dart slug but do no damage.
The dart slug is almost dead.
The dart slug launches a dart at you. The slug dart hits you.
You hit the dart slug.
You kill the dart slug!
No target in view!
No target in view!
No target in view!
No target in view!
No target in view!
j - a scroll labeled DYVEAM LUEGG
Found a scroll labeled DYVEAM LUEGG.
You now have 15 gold pieces (gained 9).
Found an amethyst potion.
Found a ring mail.
j - 2 scrolls labeled DYVEAM LUEGG (gained 1)
Found a robe.
k - an amethyst potion
Found 15 gold pieces.
Found a stone staircase leading down.
An orc and a skeleton come into view.
Found a stone staircase leading down.
The orc shouts!
You hit the howler monkey skeleton.
The howler monkey skeleton is moderately damaged.
You closely miss the orc.
The howler monkey skeleton barely misses you.
The orc closely misses you.
You hit the howler monkey skeleton.
The howler monkey skeleton is moderately damaged.
You closely miss the orc.
The howler monkey skeleton closely misses you.
The orc barely misses you.
The howler monkey skeleton closely misses you.
You hit the howler monkey skeleton.
The howler monkey skeleton is severely damaged.
You barely miss the orc. The orc closely misses you.
The howler monkey skeleton hits you.
You barely miss the howler monkey skeleton.
The howler monkey skeleton is severely damaged.
You closely miss the orc. The orc misses you.
The howler monkey skeleton hits you but does no damage.
You barely miss the howler monkey skeleton.
The howler monkey skeleton is severely damaged.
You hit the orc but do no damage. The orc barely misses you.
The howler monkey skeleton misses you.
You hit the howler monkey skeleton.
The howler monkey skeleton is almost destroyed.
You hit the orc. The orc barely misses you.
The howler monkey skeleton closely misses you.
You slash the howler monkey skeleton!
You destroy the howler monkey skeleton!
Your Axes skill increases to level 4!
You have reached level 3!
Your experience leads to an increase in your attributes!
Increase (s)trength, (i)ntelligence, or (d)exterity?
You feel clever.
You barely miss the orc. The orc hits you but does no damage.
You barely miss the orc.
The orc is lightly wounded.
The orc misses you.
You barely miss the orc.
The orc is lightly wounded.
The orc barely misses you.
You hit the orc.
The orc is severely wounded.
The orc barely misses you.
You barely miss the orc.
The orc is severely wounded.
The orc barely misses you.
You closely miss the orc.
The orc is severely wounded.
The orc hits you with a cursed -2 club.
You hit the orc.
You kill the orc!
No target in view!
Things that are here:
a cursed -2 club; a +0 leather armour; an orc corpse You now have 30 gold pieces (gained 15).
There is a stone staircase leading down here.
You climb downwards.
A centaur zombie comes into view.
There is a stone staircase leading up here.
As you read the scroll of magic mapping {@r5}, it crumbles to dust.
You feel aware of your surroundings.
Are you sure you want to abandon this character and quit the game? (Confirm with "yes".)

,***********,* ,*
*,* ,* *,* +** *,*
,,** *,* ,,,**
***,* ,,,,**
**#.#.#####
,,,,,***,........#
,,,,,+,,,,,,,**#@#
,,,,,***,,,,,* #.#
,,,,** *,*,*,* #.#
,,,** *,,,,,* #.#
,,** *,,**** #.#
+** *,>* #.# ,*
*,,*****#Z# ,*
*,,,,,,,..# ,**
**,********


You could see a centaur zombie.

Vanquished Creatures
  A howler monkey skeleton (D:5)
  An adder (D:5)
  A shadow imp (D:5)
  A dart slug (D:5)
  2 orcs (D:5)
  A frilled lizard (D:5)
7 creatures vanquished.

Notes
Turn   | Place    | Note
-------+----------+-------------------------------------------
     0 | D:5      | EnegeticOcto the Deep Dwarf Delver began the quest for the
                  | Orb.
     0 | D:5      | Reached XP level 1. HP: 20/20 MP: 1/1
    40 | D:5      | Reached XP level 2. HP: 22/27 MP: 2/2
   147 | D:5      | Reached XP level 3. HP: 29/33 MP: 2/2
   164 | D:6      | Quit the game

Illustrated notes

Levels and vault maps discovered:
D:4:      layout_rooms, serial_shops, nicolae_shop_overgrown_old_shop,
          uniq_robin, uniq_natasha, uniq_edmund, uniq_duvessa
D:5:      layout_rooms, lemuel_round_altar, bh_walls_and_bars
D:6:      layout_loops_corners

Skill      XL: |  1  2 |
---------------+-------+-----
Axes           | 3 4 |  4.0
Fighting       | |  2.7
Dodging        | |  2.2
Stealth        | |  6.0

Action                   || total
-------------------------++-------
Melee: Hand axe          ||    30
 Abil: Heal Wounds       ||     1
  Use: Scroll            ||     2
 Stab: Sleeping          ||     1
Armor: Leather armour    ||     7
Dodge: Dodged            ||    24

Table legend: (Time is in decaauts)
 A = Elapsed time spent in this place.
 B = Non-inter-level travel time spent in this place.
 C = Inter-level travel time spent in this place.
 D = Time resting spent in this place.
 E = Time spent auto-exploring this place.
 F = Levels seen in this place.
 G = Mean time per level.
                   A        B        C        D        E       F      G
               +--------+--------+--------+--------+--------+-----+--------+
         Total |    169 |    169 |      0 |      0 |      0 |   3 |   56.3 |
       Dungeon |    169 |    169 |      0 |      0 |      0 |   3 |   56.3 |
               +--------+--------+--------+--------+--------+-----+--------+

Top non-repeatable levels by time:
     D:5: 162 daAuts
     D:6: 4 daAuts
     D:4: 2 daAuts
